 Dungeon Crawl Stone Soup version 0.30-a0-651-g0755cc6dcf (webtiles) character file.

Game seed: 3393995136688986997

2109 Decipherer the Spear-Bearer (level 9, -10/79 HPs)
             Began as a Minotaur Berserker on Jan 17, 2023.
             Was a Priest of Trog.
             Killed from afar by an electric eel (13 damage)
             ... with a bolt of electricity
             ... on level 8 of the Dungeon.
             The game lasted 00:04:25 (5745 turns).

Decipherer the Spear-Bearer (Minotaur Berserker)    Turns: 5745, Time: 00:04:25

Health: -10/79     AC: 10    Str: 27    XL:     9   Next: 7%
Magic:  8/8        EV:  9    Int:  4    God:    Trog [***...]
Gold:   238        SH:  7    Dex:  9    Spells: 8/8 levels left

rFire   + . .      SeeInvis .    G - +0 trident
rCold   . . .      Faith    .    p - +0 kite shield
rNeg    . . .      Spirit   .    u - +0 scale mail
rPois   .          Reflect  .    (helmet restricted)
rElec   .          Harm     .    (no cloak)
rCorr   .          Rampage  .    x - +0 pair of gloves
Will    .....                    r - +0 pair of boots Stlth
                                 (no amulet)
HPRegen 0.33/turn                t - +4 ring of slaying
MPRegen 0.11/turn                d - ring of protection from fire

@: on berserk cooldown, slowed, very slow
A: horns 2, retaliatory headbutt
a: Renounce Religion, Berserk, Trog's Hand


You were on level 8 of the Dungeon.
You worshipped Trog.
Trog was most pleased with you.
You visited 1 branch of the dungeon, and saw 8 of its levels.

You collected 361 gold pieces.
You spent 123 gold pieces at shops.

Inventory:

Hand Weapons
 G - a +0 trident (weapon)
Missiles
 o - 30 poisoned darts
 q - 6 silver javelins
Armour
 p - a +0 kite shield (worn)
 r - a +0 pair of boots (worn)
 u - a +0 scale mail (worn)
 x - a +0 pair of gloves (worn)
Jewellery
 d - a ring of protection from fire (right hand)
 t - a +4 ring of slaying (left hand)
Wands
 A - a wand of paralysis (2)
 B - a wand of quicksilver (7)
Scrolls
 a - a scroll of identify
 f - 3 scrolls of amnesia {unknown}
 g - a scroll of magic mapping
 i - a scroll of butterflies
 k - 6 scrolls of teleportation
 l - 3 scrolls of enchant weapon {unknown}
 m - 3 scrolls of immolation {unknown}
 v - 2 scrolls of enchant armour
 y - 2 scrolls of blinking
 C - 2 scrolls of fog {unknown}
Potions
 b - 2 potions of cancellation {unknown}
 c - 3 potions of heal wounds {unknown}
 e - 3 potions of ambrosia {unknown}
 h - a potion of brilliance {unknown}
 j - 2 potions of magic {unknown}
 s - a potion of haste {unknown}
 w - 2 potions of invisibility {unknown}
 z - a potion of curing
 D - a potion of might {unknown}
 E - a potion of flight {unknown}
 F - a potion of attraction {unknown}


   Skills:
 + Level 7.5 Fighting
 + Level 9.2 Polearms
 + Level 7.9 Armour
 + Level 4.2 Dodging
 + Level 1.6 Stealth
 + Level 2.9 Shields


You had 8 spell levels left.
You didn't know any spells.
Your spell library contained the following spells:

 Spells                   Type           Power      Damage    Failure   Level
 Lesser Beckoning         Tloc           0%         N/A       99%         2
 Gell's Gravitas          Tloc           0%         N/A       100%        3
 Teleport Other           Tloc           0%         N/A       100%        3


Dungeon Overview and Level Annotations

Branches:
Dungeon (8/15)             Temple (0/1) D:4
   Lair: D:8-11

Altars:
Ashenzari
Elyvilon
Hepliaklqana
Nemelex Xobeh
Vehumet

Shops:
D:2 =   D:3 :   D:6 *


Innate Abilities, Weirdness & Mutations

You have a pair of horns on your head.
You reflexively headbutt those who attack you in melee.


Message History

The yak gores you but does no damage.
Your Polearms skill increases to level 9!
You puncture the yak! You headbutt the yak, but do no damage.
The yak is almost dead.
You impale the yak!!
You kill the yak!
Trog accepts your kill. You block the yak's attack.
The yak gores you but does no damage. The yak gores you!
* * * LOW HITPOINT WARNING * * *
You have reached level 9!
Your experience leads to an increase in your attributes!
Increase (s)trength, (i)ntelligence, or (d)exterity?
You feel stronger. x2
You enter the shallow water.
Moving in this stuff is going to be slow.
You feel a strong urge to attack something.
You feel your anger nearly subside.
You are no longer berserk.
You are exhausted.
You feel yourself slow down.
You feel better. You block the yak's attack.
As you read the scroll of fear, it crumbles to dust.
You assume a fearsome visage.
The yak looks frightened! x2
As you read the scroll of teleportation, it crumbles to dust.
You feel strangely unstable.
Cornered, the yak turns to fight!
The yak barely misses you. You furiously retaliate!
You headbutt the yak!
Your surroundings suddenly seem different.
An electric eel comes into view.
Found 67 gold pieces and a ring of flight.
The electric eel shoots out a bolt of lightning at you!
The bolt of electricity hits you!
* * * LOW HITPOINT WARNING * * *
You enter the shallow water.
Moving in this stuff is going to be slow.
The electric eel shoots out a bolt of lightning at you!
The bolt of electricity hits you!
* * * LOW HITPOINT WARNING * * *
The electric eel shoots out a bolt of lightning at you!
The bolt of electricity hits you!
You die...

#≈≈≈
≈≈≈#
#≈≈S#
###≈≈≈#
##≈≈≈≈≈#
##≈≈~≈~#
#~~~~.#
#$$@..#
#$$..##
#=$.##
#####


You could see an electric eel.

Vanquished Creatures
  The ghost of Opifex the Chopper, an amateur DsFi of Cheibriados (D:4)
  2 yaks (D:8)
  A steam dragon (D:7)
  A black bear (D:4)
  3 ice beasts
  An ogre (D:6)
  A sky beast (D:7)
  A kobold brigand (D:6)
  3 necrophages
  A scorpion (D:5)
  2 howler monkeys (D:7)
  A jelly (D:6)
  4 orc priests
  3 hounds
  3 iguanas
  Jessica (D:3)
  Ijyb (D:4)
  A statue (D:4)
  3 gnolls (D:4)
  8 adders
  An ufetubus (D:7)
  7 dart slugs
  10 orcs
  4 endoplasms
  3 giant cockroaches
  5 goblins
  5 hobgoblins
  3 jackals (D:4)
  2 quokkas
  5 ball pythons
  8 bats
  A frilled lizard (D:3)
  6 kobolds
  8 rats
110 creatures vanquished.

Vanquished Creatures (others)
  A plant (D:4)
1 creature vanquished.

Grand Total: 111 creatures vanquished

Notes
Turn   | Place    | Note
-------+----------+-------------------------------------------
     0 | D:1      | Decipherer the Minotaur Berserker began the quest for the
                  | Orb.
     0 | D:1      | Reached XP level 1. HP: 19/19 MP: 0/0
   272 | D:1      | Reached XP level 2. HP: 26/27 MP: 1/1
   430 | D:1      | Reached skill level 4 in Polearms
   852 | D:2      | Reached XP level 3. HP: 23/34 MP: 2/2
  1043 | D:2      | Reached ** piety under Trog
  1176 | D:2      | You fall into a shaft and drop 2 floors!
  1224 | D:4      | Noticed a necrophage
  1233 | D:4      | Killed a necrophage
  1234 | D:4      | Reached skill level 5 in Polearms
  1234 | D:4      | Reached XP level 4. HP: 29/41 MP: 3/3
  1564 | D:2      | Found Mezali's Jewellery Shop.
  1975 | D:3      | Reached XP level 5. HP: 46/47 MP: 4/4
  2090 | D:3      | Noticed Jessica
  2095 | D:3      | Killed Jessica
  2096 | D:3      | Reached skill level 5 in Fighting
  2424 | D:3      | Found Ketu's Book Shop.
  2669 | D:4      | Found a staircase to the Ecumenical Temple.
  2701 | D:4      | Reached skill level 6 in Polearms
  2822 | D:4      | Noticed a black bear
  2831 | D:4      | Killed a black bear
  2832 | D:4      | Reached XP level 6. HP: 42/56 MP: 5/5
  3009 | D:4      | Found a hazy altar of Hepliaklqana.
  3017 | D:4      | Found a radiant altar of Vehumet.
  3119 | D:4      | Noticed Ijyb
  3135 | D:4      | Killed Ijyb
  3136 | D:4      | Reached skill level 1 in Stealth
  3264 | D:4      | Found a runed translucent gate.
  3265 | D:4      | Found a runed translucent gate.
  3265 | D:4      | Found a runed translucent gate.
  3271 | D:4      | Noticed Opifex's ghost (amateur DsFi)
  3451 | D:4      | Found a broken altar of Ashenzari.
  3451 | D:4      | Found a sparkling altar of Nemelex Xobeh.
  3543 | D:4      | Killed Opifex's ghost
  3544 | D:4      | Reached skill level 7 in Polearms
  3544 | D:4      | Reached skill level 1 in Shields
  3544 | D:4      | Reached XP level 7. HP: 62/62 MP: 6/6
  3608 | D:5      | Entered Level 5 of the Dungeon
  3765 | D:5      | Reached skill level 5 in Armour
  4597 | D:6      | Found a white marble altar of Elyvilon.
  4625 | D:6      | Reached skill level 8 in Polearms
  4625 | D:6      | Reached XP level 8. HP: 70/70 MP: 7/7
  4718 | D:6      | Found Oleq Qua's General Store.
  4723 | D:6      | Bought a scroll of identify for 28 gold pieces
  4723 | D:6      | Bought 3 poisoned darts for 25 gold pieces
  4723 | D:6      | Bought a potion of curing for 42 gold pieces
  4723 | D:6      | Bought a scroll of identify for 28 gold pieces
  5269 | D:7      | Reached *** piety under Trog
  5735 | D:8      | Reached skill level 9 in Polearms
  5737 | D:8      | Reached XP level 9. HP: 9/79 MP: 8/8
  5745 | D:8      | HP: 3/79 [electric eel/bolt of electricity (7)]
  5745 | D:8      | Killed from afar by an electric eel

Illustrated notes

Levels and vault maps discovered:
D:1:      doesnt_arrival_eight_statues, layout_loops_corners
D:2:      layout_loops_ring, serial_shops, nicolae_lakefront_shop,
          columned_hall_lemuel, skrybe_limestone_x
D:3:      layout_basic, serial_shops, nicolae_shop_crystal, st_stairs_10,
          uniq_jessica
D:4:      black_bear_nest_1, layout_basic, vehumet_statue,
          gammafunk_temple_overflow_forgotten, minmay_temple_entry_ruins,
          ebering_ghost_rock_garden, uniq_ijyb
D:5:      nicolae_cairo_tiling_very_big, layout_cave_pods
D:6:      layout_loops_cross, elyvilon_altar_5, serial_shops,
          nicolae_stop_n_shop_2
D:7:      layout_rooms
D:8:      statuecave_lemuel, layout_loops_ring

Skill      XL: |  1  2  3  4  5  6  7  8 |
---------------+-------------------------+-----
Fighting       | 4 5 6 7 |  7.5
Polearms       | 4 5 6 7 8 9 |  9.2
Dodging        | 3 4 |  4.2
Armour         | 3 4 6 7 |  7.9
Stealth        | 1 |  1.6
Shields        | 1 2 |  2.9

Action                   |  1- 3 |  4- 6 |  7- 9 || total
-------------------------+-------+-------+-------++-------
Melee: Spear             |    83 |   115 |   113 ||   311
       Headbutt          |     9 |    11 |    22 ||    42
       Trident           |       |       |    11 ||    11
Invok: Berserk           |       |     3 |     2 ||     5
  Use: Scroll            |       |       |     8 ||     8
       Potion            |       |       |     1 ||     1
Armor: Animal skin       |     8 |       |       ||     8
       Scale mail        |       |    33 |    40 ||    73
Dodge: Dodged            |    30 |    26 |    20 ||    76
Block: Kite shield       |       |    14 |    31 ||    45

Table legend: (Time is in decaauts)
 A = Elapsed time spent in this place.
 B = Non-inter-level travel time spent in this place.
 C = Inter-level travel time spent in this place.
 D = Time resting spent in this place.
 E = Time spent auto-exploring this place.
 F = Levels seen in this place.
 G = Mean time per level.
                   A        B        C        D        E       F      G
               +--------+--------+--------+--------+--------+-----+--------+
         Total |   5765 |   5526 |    239 |      0 |   4777 |   8 |  720.6 |
       Dungeon |   5765 |   5526 |    239 |      0 |   4777 |   8 |  720.6 |
               +--------+--------+--------+--------+--------+-----+--------+

Top non-repeatable levels by time:
     D:4: 1228 daAuts
     D:5: 873 daAuts
     D:3: 844 daAuts
     D:1: 821 daAuts
     D:2: 738 daAuts
     D:6: 589 daAuts
     D:7: 588 daAuts
     D:8: 80 daAuts
